[Event "Titled Tuesday Blitz May 24 Early 2022"]
[White "Agasarov, Benik"]
[Black "Martin, Lewis"]
[WhiteFideId "13314823"]
[BlackFideId "410551"]
[WhiteElo "2630"]
[BlackElo "2145"]
[Result "1-0"]
[Round "01"]
[TimeControl "180+1"]
[Date "2022.05.25"]
[WhiteClock "0:00:26"]
[BlackClock "0:00:15"]

1. d4 d5 2. Nf3 Nf6 3. c4 c6 4. Nc3 dxc4 5. Ne5 Nbd7 6. Nxc4 Nb6 7. e4 Be6 8. Na5 Qc7 9. Be3 g6 10. Rc1 Rd8 11. d5 Nbxd5 12. Nxd5 Qxa5+ 13. b4 Rxd5 14. bxa5 Rxd1+ 15. Rxd1 Bg7 16. Bxa7 O-O 17. f3 Bxa2 18. Bc5 Re8 19. Be2 Nh5 20. Kf2 Nf4 21. g3 Nxe2 22. Kxe2 Bc4+ 23. Ke3 Bh6+ 24. f4 e5 25. Kf3 exf4 26. gxf4 Bg7 27. Rc1 Bb5 28. Rhe1 Bb2 29. Rc2 Bg7 30. e5 h5 31. Rd2 g5 32. Red1 gxf4 33. Rd8 Rxd8 34. Rxd8+ Kh7 35. Kxf4 Kg6 36. Rd6+ Kh7 37. Rd7 Kg6 38. Rxb7 Bh6+ 39. Ke4 Bd2 40. Rxb5 cxb5 41. a6 1-0


[Site "https://www.chess.com"]

[Event "Titled Tuesday Blitz May 24 Early 2022"]
[White "Aggelis, Nikolaos"]
[Black "Butti, Enrique"]
[WhiteFideId "4213220"]
[BlackFideId "3700470"]
[WhiteElo "2154"]
[BlackElo "2080"]
[Result "1-0"]
[Round "01"]
[TimeControl "180+1"]
[Date "2022.05.25"]
[WhiteClock "0:00:24"]
[BlackClock "0:00:14"]

1. d4 Nf6 2. g3 c5 3. Nf3 cxd4 4. Nxd4 d5 5. Bg2 e5 6. Nb3 h6 7. O-O Nc6 8. Nc3 Be6 9. f4 e4 10. f5 Bc8 11. Be3 Be7 12. Kh1 O-O 13. Bg1 b6 14. Qd2 Qd7 15. Rad1 Rd8 16. Nd4 Bb7 17. Nxc6 Bxc6 18. Bd4 Ne8 19. h3 Qd6 20. g4 Bf6 21. e3 Bxd4 22. Qxd4 Qg3 23. Ne2 Qh4 24. Qe5 Nf6 25. Qg3 Qg5 26. Qf4 Qh4 27. Qf2 Qg5 28. Nd4 Bb7 29. Qf4 Qh4 30. Kg1 Nh7 31. Qf2 Qg5 32. Rfe1 h5 33. Qf4 Qxf4 34. exf4 hxg4 35. hxg4 Nf6 36. Bh3 Ne8 37. Kg2 Nd6 38. Kg3 Kf8 39. Bf1 Ke7 40. Be2 Rh8 41. Rh1 Rac8 42. c3 Rcf8 43. a4 f6 44. Ra1 a6 45. a5 b5 46. Nb3 Bc8 47. Nc5 Rd8 48. b4 Rdf8 49. Bd1 Rd8 50. Bb3 Nc4 51. Bxc4 bxc4 52. Rad1 1-0


[Site "https://www.chess.com"]

[Event "Titled Tuesday Blitz May 24 Early 2022"]
[White "Ajay Krishna, S"]
[Black "Vajda, Levente"]
[WhiteFideId "5096430"]
[BlackFideId "1203975"]
[WhiteElo "2247"]
[BlackElo "2573"]
[Result "0-1"]
[Round "01"]
[TimeControl "180+1"]
[Date "2022.05.25"]
[WhiteClock "0:00:01"]
[BlackClock "0:00:06"]

1. d4 d5 2. c4 e6 3. Nf3 Nf6 4. g3 Be7 5. Bg2 O-O 6. O-O dxc4 7. Ne5 Nc6 8. Bxc6 bxc6 9. Nxc6 Qe8 10. Nxe7+ Qxe7 11. Qa4 e5 12. dxe5 Qxe5 13. Qxc4 Qh5 14. f3 Be6 15. Qc2 Rfd8 16. Be3 Bf5 17. Qc5 Rd5 18. Qc6 Re8 19. Nc3 Bd7 20. Qxc7 Rxe3 21. Nxd5 Qxd5 22. Rad1 Qe6 23. Rd6 Qe7 24. Rfd1 Be8 25. Qxe7 Rxe7 26. e4 h6 27. b4 Kh7 28. Ra6 Bb5 29. Ra5 Be2 30. Rd6 Bxf3 31. e5 Ng4 32. Rda6 Rd7 33. Rd6 Rc7 34. Rc5 Re7 35. Rd3 Be4 36. Rd4 Bf5 37. h3 Nxe5 38. Kf2 f6 39. g4 Bg6 40. Rcd5 Rc7 41. Ra5 Rc2+ 42. Ke3 Rc3+ 43. Kd2 Rxh3 44. Rd8 Nf3+ 45. Kc1 Ne5 46. Rxa7 Rh2 47. a4 Be4 48. b5 Rc2+ 49. Kd1 Ra2 50. b6 Nc4 51. b7 Bf3+ 0-1


[Site "https://www.chess.com"]

[Event "Titled Tuesday Blitz May 24 Early 2022"]
[White "Alinasab, Mobina"]
[Black "Nakamura, Hikaru"]
[WhiteFideId "12528897"]
[BlackFideId "2016192"]
[WhiteElo "2031"]
[BlackElo "2850"]
[Result "0-1"]
[Round "01"]
[TimeControl "180+1"]
[Date "2022.05.24"]
[WhiteClock "0:00:01"]
[BlackClock "0:01:31"]

1. Nf3 d5 2. g3 Nf6 3. Bg2 g6 4. O-O Bg7 5. d4 O-O 6. b3 c5 7. Bb2 Ne4 8. c3 Nc6 9. e3 e5 10. Nbd2 Nxd2 11. Qxd2 e4 12. Ne1 b6 13. Nc2 Re8 14. Rac1 Ba6 15. Rfd1 c4 16. Bf1 b5 17. b4 Bc8 18. a4 bxa4 19. Ra1 Bd7 20. Ra2 h5 21. Rda1 Ne7 22. Ne1 h4 23. Be2 Nf5 24. Ng2 a5 25. bxa5 Rxa5 26. Bd1 Qa8 27. Ba3 hxg3 28. hxg3 Bf8 29. Nf4 Bxa3 30. Rxa3 Kg7 31. Qa2 Rh8 32. Bxa4 Qg8 33. Bxd7 Qh7 34. Kf1 Qh1+ 35. Ke2 Qf3+ 36. Kd2 Qxf2+ 37. Ne2 Qxe3+ 0-1


[Site "https://www.chess.com"]

[Event "Titled Tuesday Blitz May 24 Early 2022"]
[White "Al-Tarboush, Ward"]
[Black "Kowalysko, Roman"]
[WhiteFideId "7601450"]
[BlackFideId "30918510"]
[WhiteElo "2294"]
[BlackElo "2150"]
[Result "1/2-1/2"]
[Round "01"]
[TimeControl "180+1"]
[Date "2022.05.25"]
[WhiteClock "0:02:01"]
[BlackClock "0:00:50"]

1. e4 e5 2. Nf3 Nc6 3. Bb5 Nf6 4. O-O Nxe4 5. d4 Nd6 6. Bxc6 dxc6 7. dxe5 Ne4 8. Qxd8+ Kxd8 9. Nc3 Nxc3 10. bxc3 Bc5 11. Re1 Bf5 12. Bg5+ Ke8 13. Re2 h6 14. Bf4 g5 15. Bg3 Bg4 16. h3 Bxf3 17. gxf3 Rd8 18. e6 Bd6 19. exf7+ Kxf7 20. Rae1 Rhe8 21. Kg2 Rxe2 22. Rxe2 Re8 23. Re4 Rxe4 24. fxe4 Ke6 25. Kf3 h5 26. h4 Bxg3 27. fxg3 gxh4 28. gxh4 Ke5 29. Ke3 c5 30. Kf3 c4 31. Ke3 b5 32. Kf3 c6 33. Ke3 a6 34. Kf3 c5 35. Ke3 a5 36. Kf3 b4 37. Ke3 bxc3 38. Kf3 a4 39. Ke3 a3 40. Kf3 Kd4 41. Kf4 1/2-1/2


[Site "https://www.chess.com"]

[Event "Titled Tuesday Blitz May 24 Early 2022"]
[White "Andreikin, Dmitry"]
[Black "Araujo Sanchez, Josue"]
[WhiteFideId "4158814"]
[BlackFideId "6416896"]
[WhiteElo "2736"]
[BlackElo "2339"]
[Result "1-0"]
[Round "01"]
[TimeControl "180+1"]
[Date "2022.05.24"]
[WhiteClock "0:02:35"]
[BlackClock "0:02:12"]

1. d4 Nf6 2. c4 e6 3. Nf3 b6 4. a3 Bb7 5. Nc3 d5 6. cxd5 Nxd5 7. e3 Nd7 8. Bd3 Nxc3 9. bxc3 Bd6 10. e4 e5 11. Bg5 f6 12. Be3 Qe7 13. O-O O-O 14. Re1 c5 15. a4 a6 16. Nh4 g6 17. Qg4 Kh8 18. Qh3 Kg8 19. Bc4+ Kg7 20. Bh6+ 1-0


[Site "https://www.chess.com"]

[Event "Titled Tuesday Blitz May 24 Early 2022"]
[White "Artemenko, Oleg"]
[Black "Gschnitzer, Adrian"]
[WhiteFideId "14201798"]
[BlackFideId "1270337"]
[WhiteElo "2287"]
[BlackElo "2294"]
[Result "0-1"]
[Round "01"]
[TimeControl "180+1"]
[Date "2022.05.25"]
[WhiteClock "0:00:12"]
[BlackClock "0:00:16"]

1. d4 Nf6 2. Nc3 d5 3. Bf4 c5 4. e4 Nxe4 5. Nxe4 dxe4 6. dxc5 Qa5+ 7. c3 Qxc5 8. Qa4+ Nc6 9. Qxe4 Bf5 10. Qa4 e5 11. Be3 Qd6 12. Nf3 Be7 13. Rd1 Qc7 14. Bd3 Bxd3 15. Rxd3 b5 16. Qe4 O-O 17. O-O Rad8 18. Rfd1 f5 19. Rxd8 fxe4 20. Rxf8+ Bxf8 21. Ng5 h6 22. Nxe4 Qa5 23. f3 Qxa2 24. Rd7 Qxb2 25. Rc7 Na5 26. Rc8 Kf7 27. Rc7+ Ke6 28. h4 Nc4 29. Bxa7 Bd6 30. Rxg7 Qc1+ 31. Kh2 Qf4+ 32. Kh3 Be7 33. Rg6+ Kd7 34. Rg4 Qf5 35. Kh2 h5 36. Ng3 Qc2 37. Rg7 Ke8 38. Ne4 Bxh4 39. Kh3 Be7 40. Rh7 Nd6 41. Rxe7+ Kxe7 42. Bc5 Ke6 43. Bxd6 Qd1 44. Kh2 Kf5 45. Ng3+ Kg5 46. Bxe5 h4 47. Ne4+ Kf5 48. Bb8 Qe1 49. Nd6+ Kf4 50. Nxb5+ Ke3 51. Nd4 Kf2 52. Kh3 Qh1+ 53. Kg4 Kxg2 54. Nf5 h3 55. Ba7 Qa1 56. Ne3+ Kh1 57. Bd4 h2 58. Nf5 Qb1 59. Nh4 Qh7 60. Kg3 Qg8+ 61. Kh3 Qf7 62. Kg3 Qg8+ 63. Kh3 Qe6+ 64. Kg3 Qe1+ 65. Kh3 Qxh4+ 66. Kxh4 Kg2 67. Kg4 h1=Q 68. Kf4 Qd1 69. Ke4 Kg3 70. Ke5 Kxf3 71. Kd5 Qe2 72. Kc5 Qe4 73. Kd6 Kg4 74. Kc5 Kf5 75. Kd6 Qe6+ 76. Kc5 Ke4 77. Kb5 Qd5+ 78. Kb4 Kd3 79. Ka4 Qc4+ 80. Ka3 Qb5 81. c4 Kxc4 82. Ka2 Qb3+ 83. Ka1 Kd3 84. Bc3 Kc2 85. Bb2 Qa4+ 86. Ba3 Qxa3# 0-1


[Site "https://www.chess.com"]

[Event "Titled Tuesday Blitz May 24 Early 2022"]
[White "Avazkhonov, Alikhon"]
[Black "Darini, Pouria"]
[WhiteFideId "14208504"]
[BlackFideId "12502200"]
[WhiteElo "1739"]
[BlackElo "2483"]
[Result "0-1"]
[Round "01"]
[TimeControl "180+1"]
[Date "2022.05.25"]
[WhiteClock "0:00:03"]
[BlackClock "0:01:07"]

1. e4 c5 2. Nc3 Nc6 3. g3 g6 4. Bg2 Bg7 5. d3 d6 6. Nh3 Nf6 7. O-O O-O 8. f4 Rb8 9. f5 b5 10. Nf2 b4 11. Ne2 Ne5 12. Nh1 d5 13. h3 dxe4 14. dxe4 Qxd1 15. Rxd1 gxf5 16. Bf4 Nxe4 17. Rd5 f6 18. Rad1 Be6 19. Bxe4 fxe4 20. Rxc5 Nf3+ 21. Kg2 Rbc8 22. Rxc8 Rxc8 23. c4 Rxc4 24. Rd8+ Kf7 25. Nf2 Rc2 26. Nxe4 Rxe2+ 27. Kxf3 Rxb2 28. g4 Bxa2 29. h4 Bb1 30. Ng3 Rb3+ 31. Kg2 Rd3 32. Rb8 Rd4 33. Nh5 Bg6 34. Be3 Rxg4+ 0-1


[Site "https://www.chess.com"]

[Event "Titled Tuesday Blitz May 24 Early 2022"]
[White "Avramidou, Anastasia"]
[Black "Shimanov, Aleksandr"]
[WhiteFideId "4239873"]
[BlackFideId "4198603"]
[WhiteElo "2183"]
[BlackElo "2605"]
[Result "1/2-1/2"]
[Round "01"]
[TimeControl "180+1"]
[Date "2022.05.24"]
[WhiteClock "0:00:08"]
[BlackClock "0:00:11"]

1. Nf3 d5 2. c4 e6 3. d4 Nf6 4. Nc3 dxc4 5. e3 a6 6. Bxc4 b5 7. Bd3 Bb7 8. O-O Nbd7 9. Qe2 c5 10. Rd1 Qb8 11. e4 cxd4 12. Nxd4 Bd6 13. Nf3 Ne5 14. Nxe5 Bxe5 15. h3 O-O 16. Bg5 h6 17. Bxf6 Bxf6 18. Rac1 Qf4 19. Qf3 Qxf3 20. gxf3 Rac8 21. f4 Rfd8 22. e5 Bh4 23. Be4 Rxd1+ 24. Rxd1 Rxc3 25. Bxb7 Rc2 26. Bxa6 Rxb2 27. Rd3 g6 28. a3 Bxf2+ 29. Kg2 Bc5+ 30. Kf3 Kg7 31. Rc3 Be7 32. Rd3 h5 33. Rc3 Bh4 34. Rd3 Kf8 35. Rc3 Ke8 36. Rc8+ Kd7 37. Rb8 Rb3+ 38. Ke4 Rxa3 39. Bxb5+ Kc7 40. Rf8 Rb3 41. Rxf7+ Kb6 42. Bd7 Rb4+ 43. Ke3 Rb3+ 44. Ke4 Rb4+ 45. Kf3 Rb3+ 46. Ke2 Rb2+ 47. Kd3 Kc5 48. Bxe6 Rf2 49. Ke3 Rh2 50. Rd7 Bf2+ 51. Kf3 Be1 52. Ke4 Re2+ 53. Kd3 Rg2 54. Ke3 Rg3+ 55. Ke2 Bb4 56. Rd5+ Kc6 57. Rd3 Rxd3 58. Kxd3 Kc7 59. Bf7 h4 60. Bxg6 Kd8 61. Ke4 Ke7 62. Kf5 Bd2 63. Bh5 Be3 64. Bf3 Bd2 65. Be4 Be3 66. Kg4 Bd2 67. f5 Bc3 68. e6 Bf6 69. Kh5 Kd8 70. Kg6 Ke7 71. Bf3 Be5 72. Kh5 Bf6 73. Kg4 Kd8 74. Bd5 Ke7 75. Be4 Kd8 76. Kh5 Ke7 77. Kh6 Be5 78. Kg5 Bf6+ 79. Kg6 Be5 80. Bf3 Bf6 81. Bg4 Be5 82. Kg5 Bf6+ 83. Kf4 Kd8 84. Ke4 Ke7 85. Kf4 Kd8 86. Ke4 Ke7 87. Kf4 1/2-1/2


[Site "https://www.chess.com"]

[Event "Titled Tuesday Blitz May 24 Early 2022"]
[White "Bachmann, Axel"]
[Black "Leschinsky, Gary"]
[WhiteFideId "3700488"]
[BlackFideId "30951321"]
[WhiteElo "2587"]
[BlackElo "1782"]
[Result "0-1"]
[Round "01"]
[TimeControl "180+1"]
[Date "2022.05.25"]
[WhiteClock "0:00:09"]
[BlackClock "0:00:04"]

1. e4 c5 2. Nf3 d6 3. d4 cxd4 4. Nxd4 a6 5. Nc3 Nf6 6. Bd3 g6 7. O-O Bg7 8. h3 O-O 9. Be3 Qc7 10. Re1 Nc6 11. Qd2 e5 12. Nde2 Nb4 13. Nb5 axb5 14. Qxb4 Ra4 15. Qxb5 Bd7 16. Qb3 Nxe4 17. Bxe4 Rxe4 18. Nc3 Be6 19. Qa3 Rc4 20. Rad1 Rd8 21. Nb5 Qc6 22. Nxd6 Rxc2 23. Nf5 Qe8 24. Nxg7 Kxg7 25. Qa5 Rxd1 26. Rxd1 f6 27. Qb6 Qc6 28. Qd8 Qc7 29. Qa8 Rxb2 30. a4 Bb3 31. Rd8 Rb1+ 32. Kh2 e4+ 33. g3 Bf7 34. Rh8 Qd6 35. Bf4 Qc5 36. Be3 Qd6 37. Rd8 Qe7 38. Qb8 Rb2 39. Bd4 Rb1 40. Rd6 Be6 41. Rd8 e3 42. Bxe3 Qf7 43. Qd6 Ra1 44. g4 Ra2 45. Rf8 Qd7 46. Bh6+ Kxh6 47. Qf4+ Kg7 48. Qxf6+ Kh6 49. Qh4+ Kg7 50. Qf6+ Kh6 51. g5+ Kh5 52. Kg3 Qd6+ 53. Kg2 Bd5+ 54. Kf1 Bc4+ 55. Kg2 Bd5+ 56. Kg1 Qxf6 57. gxf6 Ra1+ 58. Kh2 Kh4 59. f3 Ra2+ 60. Kg1 Kg3 61. Kf1 Kxf3 62. Ke1 Ke3 63. Kd1 Kd3 64. Kc1 Rf2 65. f7 Rxf7 66. Rd8 Kc4 67. a5 Kc5 68. Rc8+ Kb5 69. Rd8 Bc6 70. Rh8 h5 71. h4 Rf5 72. Kd2 Rf4 73. Rh6 Rg4 74. Rxg6 Rxg6 0-1


[Site "https://www.chess.com"]

[Event "Titled Tuesday Blitz May 24 Early 2022"]
[White "Bacrot, Etienne"]
[Black "Baches Garcia, Guillermo"]
[WhiteFideId "605506"]
[BlackFideId "2209764"]
[WhiteElo "2673"]
[BlackElo "2507"]
[Result "0-1"]
[Round "01"]
[TimeControl "180+1"]
[Date "2022.05.24"]
[WhiteClock "0:00:15"]
[BlackClock "0:00:05"]

1. e4 c5 2. Nf3 d6 3. Bb5+ Bd7 4. Bxd7+ Qxd7 5. O-O Nf6 6. Re1 Nc6 7. c3 e6 8. d4 cxd4 9. cxd4 d5 10. e5 Ne4 11. Nbd2 Nxd2 12. Bxd2 Bb4 13. Bxb4 Nxb4 14. a3 Nc6 15. Rc1 O-O 16. Rc3 Rac8 17. h4 Ne7 18. Rd3 Rc4 19. Nd2 Rc6 20. Nf1 Nf5 21. h5 h6 22. g4 Ne7 23. Rg3 f6 24. Kg2 Qe8 25. Nd2 f5 26. g5 f4 27. Rg4 Qxh5 28. Rh1 f3+ 29. Qxf3 Qxh1+ 30. Kxh1 Rxf3 31. Nxf3 h5 32. Rg1 g6 33. Kg2 Nf5 34. Rd1 Kf7 35. Rd3 Rc4 36. Kf1 Ke7 37. Ke2 Kd7 38. Kd1 h4 39. Rd2 h3 40. Ke2 Nxd4+ 41. Nxd4 h2 42. Rd1 Rxd4 43. Rh1 Rh4 44. Kf3 Kc6 45. Kg3 Rh5 46. f4 d4 47. f5 Rxg5+ 48. Kf4 Rxf5+ 49. Ke4 Rh5 50. Kxd4 g5 51. Ke4 Rh4+ 52. Kf3 Kd5 53. Kg3 Kxe5 54. Kg2 Kf5 55. Rf1+ Kg6 56. Kh1 g4 57. Rf4 Kg5 58. Rb4 g3 59. Rb5+ Kg4 0-1


[Site "https://www.chess.com"]

[Event "Titled Tuesday Blitz May 24 Early 2022"]
[White "Bas Mas, Jose Joaquin"]
[Black "Vignesh, N R"]
[WhiteFideId "22219064"]
[BlackFideId "25012215"]
[WhiteElo "2233"]
[BlackElo "2363"]
[Result "0-1"]
[Round "01"]
[TimeControl "180+1"]
[Date "2022.05.25"]
[WhiteClock "0:00:45"]
[BlackClock "0:00:33"]

1. e4 e5 2. Nf3 Nc6 3. c3 Nf6 4. d4 exd4 5. e5 Ne4 6. Bd3 d5 7. exd6 Nxd6 8. cxd4 Be7 9. O-O O-O 10. h3 Bf5 11. a3 Bf6 12. Be3 Qd7 13. Nc3 Rfe8 14. Rc1 Rad8 15. Nd5 Ne4 16. Nxf6+ Nxf6 17. Bb5 Be4 18. Ne5 Qe6 19. Nxc6 bxc6 20. Ba4 Bd5 21. Bg5 h6 22. Bxf6 Qxf6 23. Qg4 Re4 24. Qg3 Rxd4 25. Qxc7 Rxa4 26. Rce1 Rf8 27. Re3 Qxb2 28. Rfe1 Rxa3 29. Re8 Rxe8 30. Rxe8+ Kh7 31. Qd6 Qc1+ 32. Kh2 Ra1 33. Qe5 Qg1+ 34. Kg3 Qxg2+ 0-1


[Site "https://www.chess.com"]

[Event "Titled Tuesday Blitz May 24 Early 2022"]
[White "Begunov, Konstantin"]
[Black "Barria Zuniga, Daniel"]
[WhiteFideId "4118510"]
[BlackFideId "3400816"]
[WhiteElo "2262"]
[BlackElo "2414"]
[Result "1-0"]
[Round "01"]
[TimeControl "180+1"]
[Date "2022.05.25"]
[WhiteClock "0:00:16"]
[BlackClock "0:00:02"]

1. d4 c5 2. dxc5 Qa5+ 3. Nc3 Nf6 4. Be3 Ng4 5. Bf4 e5 6. Bg3 Bxc5 7. e4 d6 8. a3 Qb6 9. Nd5 Qd8 10. Bb5+ Nc6 11. b4 Bb6 12. Nxb6 Qxb6 13. Qe2 a6 14. Bc4 Nd4 15. Qd3 O-O 16. f3 Nf6 17. Bf2 Be6 18. Bxe6 fxe6 19. c3 d5 20. cxd4 dxe4 21. fxe4 Ng4 22. Nf3 Nxf2 23. Kxf2 exd4 24. Rhc1 e5 25. Rc5 Rae8 26. Kg1 Qf6 27. Qc4+ Kh8 28. Rc1 Qf4 29. Rc8 Qe3+ 30. Kh1 h6 31. Rxe8 Rxe8 32. Re1 Qf4 33. Qd5 Rc8 34. h3 Rc1 35. Rxc1 Qxc1+ 36. Kh2 Qf4+ 37. Kg1 Qe3+ 38. Kf1 Qc1+ 39. Ke2 Qe3+ 40. Kd1 Qd3+ 41. Nd2 Qxa3 42. Qxe5 Qxb4 43. Qd5 a5 44. e5 a4 45. e6 a3 46. h4 Kh7 47. h5 Qa4+ 48. Ke2 a2 49. e7 a1=Q 50. Qe4+ 1-0


[Site "https://www.chess.com"]

[Event "Titled Tuesday Blitz May 24 Early 2022"]
[White "Bintang, Rasyid A. Hidayat"]
[Black "Petrovskyi, Vadym"]
[WhiteFideId "7105355"]
[BlackFideId "14165210"]
[WhiteElo "2458"]
[BlackElo "2400"]
[Result "0-1"]
[Round "01"]
[TimeControl "180+1"]
[Date "2022.05.25"]
[WhiteClock "0:02:26"]
[BlackClock "0:01:55"]

1. d4 Nf6 2. Bf4 g6 3. Nc3 d5 4. e3 Bg7 5. h4 O-O 6. h5 c5 7. hxg6 hxg6 8. Nf3 Nc6 9. dxc5 Qa5 10. Ne5 Ne4 11. Nxc6 bxc6 12. Bh6 Bxc3+ 13. bxc3 Qxc3+ 14. Ke2 Ba6+ 15. Kf3 Qf6+ 16. Kg4 Bc8# 0-1


[Site "https://www.chess.com"]

[Event "Titled Tuesday Blitz May 24 Early 2022"]
[White "Boder, Jan"]
[Black "Manukyan, Artyom"]
[WhiteFideId "16243226"]
[BlackFideId "13305786"]
[WhiteElo "2064"]
[BlackElo "2034"]
[Result "1/2-1/2"]
[Round "01"]
[TimeControl "180+1"]
[Date "2022.05.25"]
[WhiteClock "0:00:05"]
[BlackClock "0:00:12"]

1. c4 c5 2. g3 g6 3. Bg2 Bg7 4. Nc3 d6 5. e4 e5 6. Nge2 Ne7 7. O-O O-O 8. d3 Nbc6 9. a3 a5 10. h3 Be6 11. Be3 Qd7 12. Kh2 Nd4 13. f4 f5 14. fxe5 Nxe2 15. Qxe2 Bxe5 16. Nd5 Rae8 17. Bh6 Rf7 18. Nf4 Nc6 19. Nxe6 Rxe6 20. Qf2 fxe4 21. Qxf7+ Qxf7 22. Rxf7 Kxf7 23. Bxe4 Rf6 24. Kg2 Bd4 25. Bd5+ Ke8 26. Re1+ Kd7 27. Bxc6+ bxc6 28. Re2 a4 29. Bg7 Re6 30. Rxe6 Kxe6 31. Bxd4 cxd4 32. Kf3 d5 33. c5 Ke5 34. h4 h6 35. Kg4 Kf6 36. Kf4 g5+ 37. Kg4 Kg6 38. Kf3 Kf5 39. g4+ Kf6 40. h5 Ke5 41. Ke2 Kf4 42. Kd2 Kxg4 43. b4 Kf5 44. Ke2 Ke5 45. Kf3 Kf5 46. Kg3 Ke6 47. Kg4 Kf6 48. Kg3 Ke5 49. Kf3 Kf5 50. Kg3 Ke6 51. Kg4 Kf6 52. Kg3 Ke5 53. Kg4 Ke6 54. Kg3 Kf5 55. Kf3 Ke5 56. Kg4 Ke6 57. Kf3 Kd7 58. Kg4 Kc7 59. Kf5 Kb7 60. Kg4 Ka6 61. Kf5 Kb5 62. Kg4 Ka6 63. Kf5 Kb7 64. Kg4 Kc7 65. Kf5 Kd7 66. Kg4 Ke7 67. Kf3 Kf6 68. Kg4 Ke5 69. Kf3 1/2-1/2


[Site "https://www.chess.com"]

[Event "Titled Tuesday Blitz May 24 Early 2022"]
[White "Borgaonkar Akshay"]
[Black "Bharath Subramaniyam H"]
[WhiteFideId "25639110"]
[BlackFideId "46634827"]
[WhiteElo "1639"]
[BlackElo "2242"]
[Result "0-1"]
[Round "01"]
[TimeControl "180+1"]
[Date "2022.05.25"]
[WhiteClock "0:00:01"]
[BlackClock "0:00:35"]

1. e4 c5 2. Nf3 e6 3. d4 cxd4 4. Nxd4 a6 5. Nc3 Qc7 6. g3 Nf6 7. Bg2 d6 8. O-O Nbd7 9. f4 Rb8 10. Be3 b5 11. a3 Bb7 12. Re1 Be7 13. g4 h5 14. g5 Ng4 15. Bc1 Qb6 16. h3 Nge5 17. Be3 Nc4 18. Bf2 Qc7 19. Qc1 Rc8 20. Nd1 Nc5 21. b3 Nb6 22. h4 Nd3 23. cxd3 Qxc1 24. Rxc1 Rxc1 25. Ne2 Rc6 26. e5 d5 27. f5 Bxa3 28. Nd4 Nd7 29. Nxc6 Bxc6 30. g6 fxg6 31. fxe6 Nf8 32. Bh3 Ke7 33. Ne3 Nxe6 34. Ra1 b4 35. Nc2 Nf4 36. Bf1 Bb5 37. Bc5+ Ke6 38. Nd4+ Kxe5 39. Re1+ Kf6 40. Bd6 g5 41. hxg5+ Kxg5 42. Nf3+ Kg4 43. Kf2 Bb2 44. Be2 Nxe2 45. Rxe2 Bf6 46. Ne5+ Kf5 47. Nf3 Bxd3 48. Rd2 Be4 49. Bxb4 Rb8 50. Bd6 Rxb3 0-1


[Site "https://www.chess.com"]

[Event "Titled Tuesday Blitz May 24 Early 2022"]
[White "Bortnyk, Olexandr"]
[Black "Gil Alba, Hector Luis"]
[WhiteFideId "14120828"]
[BlackFideId "3504670"]
[WhiteElo "2723"]
[BlackElo "2331"]
[Result "1-0"]
[Round "01"]
[TimeControl "180+1"]
[Date "2022.05.24"]
[WhiteClock "0:00:04"]
[BlackClock "0:00:09"]

1. e4 e5 2. Bc4 Nf6 3. d3 c6 4. Nf3 d5 5. Bb3 Bd6 6. Nc3 Be6 7. Ng5 O-O 8. Nxe6 fxe6 9. O-O Nbd7 10. f3 Bc5+ 11. Kh1 Nh5 12. Ne2 Nhf6 13. Ng3 Qe8 14. c3 Nh5 15. Nxh5 Qxh5 16. Qe1 Bd6 17. Qg3 Rf6 18. Qg5 Qf7 19. Be3 Rg6 20. Qh5 Nf6 21. Qh3 Rf8 22. a4 a6 23. Rae1 Kh8 24. g3 Qe7 25. Qh4 Bc5 26. Bxc5 Qxc5 27. exd5 exd5 28. Rxe5 Rh6 29. Qb4 Qxb4 30. cxb4 Ng4 31. Re2 d4 32. Rc1 Ne3 33. f4 Rhf6 34. Rc5 h6 35. h3 g5 36. Rf2 gxf4 37. g4 f3 38. Re5 Rg6 39. Re4 Rd6 40. Kh2 b5 41. axb5 cxb5 42. Kg3 Rdf6 43. Rxd4 Rg6 44. Re4 Nf5+ 45. Kxf3 Nd6+ 46. Ke3 Rxf2 47. Kxf2 Nxe4+ 48. dxe4 Rd6 49. Ke3 Kg7 50. Bd5 Kf6 51. Kd4 Rd8 52. Kc5 Ke5 53. Kb6 Rd6+ 54. Ka5 Rf6 55. h4 Rf2 56. Kxa6 Rxb2 57. Kxb5 Rg2 58. g5 hxg5 59. hxg5 Rxg5 60. Kc5 Rg1 61. b5 Rc1+ 62. Kb6 Kd6 63. Bc6 Rb1 64. Kb7 Kc5 65. Kc7 Kd4 66. b6 Kc5 67. b7 1-0


[Site "https://www.chess.com"]

[Event "Titled Tuesday Blitz May 24 Early 2022"]
[White "Brashaw, Daniel"]
[Black "Matlakov, Maxim"]
[WhiteFideId "2038862"]
[BlackFideId "4168003"]
[WhiteElo "2145"]
[BlackElo "2669"]
[Result "0-1"]
[Round "01"]
[TimeControl "180+1"]
[Date "2022.05.24"]
[WhiteClock "0:01:46"]
[BlackClock "0:01:38"]

1. e4 e6 2. d4 d5 3. Nc3 Nf6 4. Bg5 dxe4 5. Nxe4 Be7 6. Bxf6 Bxf6 7. Nf3 O-O 8. g3 b6 9. Bg2 Bb7 10. Qd3 Nd7 11. O-O-O c5 12. Nxf6+ Qxf6 13. Kb1 Rfd8 14. Qe2 cxd4 15. Rxd4 Bxf3 16. Bxf3 Qxd4 17. Bxa8 Rxa8 18. Rd1 Qe5 0-1


[Site "https://www.chess.com"]

[Event "Titled Tuesday Blitz May 24 Early 2022"]
[White "Brodowski, Piotr"]
[Black "Ovezdurdyyeva, Jemal"]
[WhiteFideId "1124480"]
[BlackFideId "14001888"]
[WhiteElo "2431"]
[BlackElo "1946"]
[Result "1-0"]
[Round "01"]
[TimeControl "180+1"]
[Date "2022.05.25"]
[WhiteClock "0:00:18"]
[BlackClock "0:00:19"]

1. d4 Nf6 2. c4 g6 3. Nc3 d5 4. cxd5 Nxd5 5. Bd2 Bg7 6. e4 Nxc3 7. Bxc3 O-O 8. Nf3 c5 9. d5 e6 10. d6 Nc6 11. Qd2 e5 12. Bc4 Nd4 13. Bxd4 cxd4 14. Qb4 a5 15. Qa3 Bg4 16. Rc1 Qd7 17. Bd5 Rac8 18. O-O Bxf3 19. Qxf3 Qxd6 20. Rxc8 Rxc8 21. Qxf7+ Kh8 22. Qxb7 Rb8 23. Qa7 Rxb2 24. Qxa5 d3 25. h4 Bf6 26. g3 Bd8 27. Qc3 Qb4 28. Qxe5+ 1-0


[Site "https://www.chess.com"]

[Event "Titled Tuesday Blitz May 24 Early 2022"]
[White "Bryakin, Mikhail"]
[Black "Przybylski, Wojciech"]
[WhiteFideId "4165314"]
[BlackFideId "1117599"]
[WhiteElo "2417"]
[BlackElo "2133"]
[Result "0-1"]
[Round "01"]
[TimeControl "180+1"]
[Date "2022.05.25"]
[WhiteClock "0:00:11"]
[BlackClock "0:01:03"]

1. e4 e5 2. d4 exd4 3. Qxd4 Nc6 4. Qd3 Bc5 5. Nc3 Nge7 6. Bf4 d6 7. f3 O-O 8. O-O-O Be6 9. a3 a6 10. g4 b5 11. Nd5 b4 12. a4 Ne5 13. Qe2 Nxd5 14. exd5 Bd7 15. Bxe5 dxe5 16. b3 Qg5+ 17. Kb1 Bd4 18. h4 Qf6 19. g5 Qb6 20. Bh3 Bb5 21. Qe4 Qc5 22. Qe1 Bxa4 23. bxa4 b3 24. c3 Bxc3 25. Rc1 Qa3 26. Rxc3 Qa2+ 27. Kc1 b2+ 28. Kd1 b1=Q+ 29. Rc1 Qd3+ 0-1


[Site "https://www.chess.com"]

[Event "Titled Tuesday Blitz May 24 Early 2022"]
[White "Buscar, Michael"]
[Black "Csonka, Balazs"]
[WhiteFideId "2603616"]
[BlackFideId "742910"]
[WhiteElo "2010"]
[BlackElo "2404"]
[Result "1/2-1/2"]
[Round "01"]
[TimeControl "180+1"]
[Date "2022.05.25"]
[WhiteClock "0:00:13"]
[BlackClock "0:00:05"]

1. d4 Nf6 2. c4 g6 3. Nc3 Bg7 4. e4 d6 5. Nf3 O-O 6. Be2 Bg4 7. h3 Bxf3 8. Bxf3 Nfd7 9. Be3 c5 10. d5 Bxc3+ 11. bxc3 Qa5 12. Qd2 Nb6 13. Be2 N8d7 14. f4 Qa4 15. Qd3 Rae8 16. O-O e6 17. dxe6 Rxe6 18. Bg4 Qxc4 19. Qxc4 Nxc4 20. Bxe6 fxe6 21. Rae1 b5 22. Bc1 Ndb6 23. g4 Na4 24. Rf3 a5 25. Kg2 b4 26. cxb4 axb4 27. f5 Ne5 28. Rg3 exf5 29. gxf5 Nc3 30. a3 Ra8 31. Bb2 Nb5 32. axb4 Ra2 33. Re2 cxb4 34. fxg6 hxg6 35. Rf2 Kh7 36. Bxe5 Rxf2+ 37. Kxf2 dxe5 38. Rb3 Nd6 39. Rxb4 Kh6 40. Kf3 Kg5 41. Rb6 Nc4 42. Re6 Nd2+ 43. Ke3 Nc4+ 44. Kd3 Nb2+ 45. Kc3 Nd1+ 46. Kd2 Nf2 47. Rxe5+ Kf4 48. Re6 Nxe4+ 49. Ke2 g5 50. Kf1 Ng3+ 51. Kg2 Nf5 52. Re8 Nh4+ 53. Kh2 g4 54. Rf8+ Nf5 55. h4 Ke5 56. h5 Ke6 57. Kg2 Nh6 58. Rh8 Nf7 59. Rg8 Kf6 60. Rxg4 Ng5 61. Kg3 Kf5 62. Kh4 Nf3+ 63. Kh3 Ng5+ 64. Kg3 Nf7 65. Rg8 Nh6 66. Rg6 Nf7 67. Kh4 Ne5 68. Rg1 Nf3+ 69. Kg3 Nxg1 70. h6 Kg6 71. h7 Kxh7 1/2-1/2


[Site "https://www.chess.com"]